 Dungeon Crawl Stone Soup version 0.22.1-5-g62c59d919a (webtiles) character file.

173 Riddle the Charmwright (level 5, -4/28 HPs)
             Began as a Vine Stalker Skald on Jan 15, 2019.
             Was a Follower of Makhleb.
             Slain by Duvessa
             ... wielding a +0 short sword
              (6 damage)
             ... on level 4 of the Dungeon.
             The game lasted 00:07:10 (3187 turns).

Riddle the Charmwright (Vine Stalker Skald)         Turns: 3187, Time: 00:07:10

Health: -4/28      AC:  5    Str: 13    XL:     5   Next: 53%
Magic:  0/10       EV: 12    Int: 13    God:    Makhleb [*.....]
Gold:   84         SH:  0    Dex: 15    Spells: 3/10 levels left

rFire    . . .     SeeInvis .   a - +0 spear
rCold    . . .     Gourm    +   (no shield)
rNeg     + . .     Faith    .   b - +0 leather armour
rPois    +         Spirit   +   n - +0 helmet
rElec    .         Reflect  .   (no cloak)
rCorr    .         Harm     .   (no gloves)
MR       .....                  p - +0 pair of boots
Stlth    +.........             e - amulet of the gourmand
HPRegen  0.49/turn              f - ring of poison resistance
MPRegen  0.12/turn              k - ring of positive energy

@: infused, very slightly contaminated, glowing
A: fangs 2, regeneration 1, magic shield, antimagic bite, no potion heal 3, rot
immunity
a: Renounce Religion


You were on level 4 of the Dungeon.
You worshipped Makhleb.
Makhleb was aware of your devotion.
You were very hungry.

You visited 1 branch of the dungeon, and saw 4 of its levels.

You collected 84 gold pieces.

Inventory:

Hand Weapons
 a - a +0 spear (weapon)
Armour
 b - a +0 leather armour (worn)
 n - a +0 helmet (worn)
 p - a +0 pair of boots (worn)
Jewellery
 e - an amulet of the gourmand (around neck)
 f - a ring of poison resistance (left hand)
 k - a ring of positive energy (right hand)
 o - an uncursed ring of protection from cold {unknown}
Scrolls
 c - a scroll of teleportation {unknown}
 i - a scroll of random uselessness {unknown}
 j - 2 scrolls of remove curse {unknown}
 l - 6 scrolls of identify {unknown}
 m - a scroll of enchant weapon {unknown}
 q - a scroll of amnesia {unknown}
Potions
 g - a potion of degeneration {unknown}
 h - a potion of lignification {unknown}
 r - a potion of heal wounds {unknown}
Comestibles
 d - 7 rations


   Skills:
 + Level 2.9 Fighting
 + Level 2.8 Polearms
 - Level 0.7 Armour
 - Level 1.5 Dodging
 - Level 3.0 Spellcasting
 + Level 1.5 Hexes
 - Level 3.4 Charms
 + Level 1.5 Necromancy


You had 3 spell levels left.
You knew the following spells:

 Your Spells              Type           Power        Failure   Level  Hunger
a - Infusion              Chrm           ##..         7%          1    #......
b - Regeneration          Chrm/Necr      #.........   32%         3    ###....
c - Spectral Weapon       Hex/Chrm       #.......     32%         3    ###....

Your spell library contained the following spells:

 Spells                   Type           Power        Failure   Level  Hunger
 Song of Slaying          Chrm           ##......     11%         2    ###....
 Shroud of Golubria       Chrm/Tloc      #.........   22%         2    ###....


Dungeon Overview and Level Annotations

Branches:
Dungeon (4/15)             Temple (0/1) D:4

Altars:
Makhleb
Okawaru
Vehumet

Annotations:
D:4 Dowan, Duvessa


Innate Abilities, Weirdness & Mutations

You have extremely sharp teeth.
Your natural rate of healing is unusually fast.
When hurt, damage is shared between your health and your magic reserves.
Your bite disrupts and absorbs the magic of your enemies.
Potions cannot restore your health.
You are immune to rotting.


Message History

Confirm with . or Enter, or press ? or * to list all spells.
You don't have enough magic to cast that spell.
Casting: Spectral Weapon (safe; 32% risk of failure)
Confirm with . or Enter, or press ? or * to list all spells.
You extend your infusion's duration.
Duvessa hits you with a short sword. x2
Duvessa hits you with a short sword.
You hit Duvessa. Your bite misses Duvessa.
Duvessa is lightly wounded.
Duvessa hits you with a short sword.
* * * LOW HITPOINT WARNING * * *
Duvessa closely misses you.
You hit Duvessa.
Duvessa is lightly wounded.
Duvessa barely misses you.
You hit Duvessa.
Duvessa is moderately wounded.
Duvessa hits you with a short sword.
* * * LOW HITPOINT WARNING * * *
Duvessa hits you with a short sword.
You die...

..#.#...# ..## # ##
#.#.#.###.# .##. #.#<.
#.#.#.....# .##. ...#.####
#.#.#)######.##. .........
#.#.#.###....##.
........###.#..........##.
................##.....##.
.......e###......#.....##.
....#..Se@....#.......###.
.. #.#######.#.........##
#. #............# .
.............# +#
...##.........
...............
....#..#...(..
....#.##...... #. #......


You could see Duvessa, Dowan and an adder.

Vanquished Creatures
  A crimson imp (D:2)
  A worker ant (D:4)
  A hound zombie (D:2)
  An adder (D:4)
  An adder skeleton (D:4)
  5 worms
  3 dart slugs (D:2)
  2 leopard geckos
  6 orcs
  2 ball pythons
  8 bats
  4 giant cockroaches
  4 goblins
  8 hobgoblins
  2 kobolds
  4 quokkas
  A frilled lizard (D:3)
  9 rats
63 creatures vanquished.

Notes
Turn   | Place    | Note
-------+----------+-------------------------------------------
     0 | D:1      | Riddle the Vine Stalker Skald began the quest for the Orb.
     0 | D:1      | Reached XP level 1. HP: 11/11 MP: 4/4
   325 | D:1      | Reached XP level 2. HP: 15/15 MP: 3/6
   965 | D:2      | Reached XP level 3. HP: 18/18 MP: 2/7
  1325 | D:2      | Learned a level 3 spell: Regeneration
  1329 | D:2      | Learned a level 3 spell: Spectral Weapon
  1354 | D:2      | Gained mutation: Your natural rate of healing is unusually
                  | fast. [Vine Stalker growth]
  1354 | D:2      | Reached XP level 4. HP: 17/23 MP: 7/9
  1786 | D:2      | Found a burning altar of Makhleb.
  1809 | D:2      | Reached skill level 1 in Hexes
  1809 | D:2      | Reached skill level 1 in Necromancy
  1813 | D:2      | Became a worshipper of Makhleb the Destroyer
  1945 | D:3      | Reached XP level 5. HP: 27/27 MP: 10/10
  2185 | D:3      | Found an iron altar of Okawaru.
  2185 | D:3      | Found a radiant altar of Vehumet.
  2589 | D:4      | Noticed an ogre
  2970 | D:4      | Found a staircase to the Ecumenical Temple.
  3052 | D:4      | Reached * piety under Makhleb
  3174 | D:4      | Noticed Dowan
  3175 | D:4      | Noticed Duvessa
  3187 | D:4      | Slain by Duvessa

Skill      XL: |  1  2  3  4 |
---------------+-------------+-----
Fighting       | 2 |  2.9
Polearms       | 2 |  2.8
Spellcasting   | 3 |  3.0
Hexes          | 1 |  1.5
Necromancy     | 1 |  1.5
Armour         | |  0.7
Dodging        | |  1.5
Charms         | |  3.4

Action                   |  1- 3 |  4- 6 || total
-------------------------+-------+-------++-------
Melee: Spear             |    77 |   130 ||   207
       Bite              |    14 |    25 ||    39
 Cast: Infusion          |    11 |    17 ||    28
       Spectral Weapon   |     1 |     2 ||     3
 Stab: Sleeping          |       |     2 ||     2
  Eat: Chunk             |     1 |     9 ||    10
Armor: Leather armour    |    19 |    27 ||    46
Dodge: Dodged            |    41 |    65 ||   106
